 Dungeon Crawl Stone Soup version 0.31-a0-868-g674d60d6f7 (webtiles) character file.

Game seed: 13555636115286737274

5 Xavori the Trooper (level 1, -3/16 HPs)
             Began as an Octopode Chaos Knight on Oct 12, 2023.
             Was a Plaything of Xom.
             Splashed by a jelly's acid (7 damage)
             ... on level 1 of the Dungeon.
             The game lasted 00:00:09 (208 turns).

Xavori the Trooper (Octopode Chaos Knight)           Turns: 208, Time: 00:00:11

Health: -3/16      AC: -7    Str: 11    XL:     1   Next: 80%
Magic:  1/1        EV: 13    Int: 14    God:    Xom [..*...]
Gold:   0          SH:  0    Dex: 11    Spells: 0/0 levels left

rFire   . . .        a - +0 short sword (chaos)
rCold   . . .        (no shield)
rNeg    . . .        (helmet restricted)
rPois   .            (no amulet)
rElec   .            (no ring)
rCorr   .            (no ring)
SInv    .            (no ring)
Will    .....        (no ring)
Stlth   ++           (no ring)
HPRegen 0.22/turn    (no ring)
MPRegen 0.07/turn    (no ring)
                     (no ring)

%: no passive effects
@: corroded
A: almost no armour, amphibious, 8 rings, camouflage 1, gelatinous body 1,
(nimble swimmer 1), tentacles
a: Renounce Religion


You were on level 1 of the Dungeon.
You worshipped Xom.
You were a toy of Xom.
You visited 1 branch of the dungeon, and saw 1 of its levels.

Inventory:

Hand Weapons
 a - a +0 short sword of chaos (weapon)
Jewellery
 f - a ring of flight
Scrolls
 b - a scroll of butterflies
 d - 2 scrolls of poison {unknown}
 e - 2 scrolls of brand weapon {unknown}
Potions
 c - a potion of might {unknown}


   Skills:
 + Level 3.2 Fighting
 + Level 3.1 Short Blades
 + Level 2.4 Dodging


You couldn't memorise any spells.
You didn't know any spells.
Your spell library was empty.

Dungeon Overview and Level Annotations

Branches:
Dungeon (1/15)

Altars:


Innate Abilities, Weirdness & Mutations

You cannot wear most types of armour.
You are amphibious.
You can wear up to eight rings at the same time.
Your skin changes colour to match your surroundings (Stealth+).
Your rubbery body absorbs attacks. (AC +1, EV +1)
((You are camouflaged when in or above water. (Stealth+)))
You have tentacles for arms and can constrict up to eight enemies at once.


Message History

A ball python is nearby!
You hit the ball python. You grab the ball python.
You tentacle-slap the ball python.
You kill the ball python!
f - a ring of flight No target in view!
You see here a +0 ring mail.
d - 2 scrolls labelled LASEGO MEL AMA (gained 1)
A rat comes into view.
A rat is nearby!
A rat is nearby!
A rat is nearby!
Found 16 gold pieces.
You hit the rat.
You kill the rat!
You see here a rat corpse.
A ball python comes into view.
Found a diamond ring.
Found a stone staircase leading down.
A ball python is nearby!
The ball python hisses angrily.
A ball python is nearby!
You hit the ball python but do no damage.
The ball python evaporates and reforms as a jelly!
Your tentacles burn!
You squeeze the jelly.
The jelly is lightly wounded.
A jelly is nearby!
You hit the jelly.
The jelly seems to speed up.
Xom is highly amused!
Your tentacles burn!
You tentacle-slap the jelly.
The jelly is heavily wounded.
The jelly hits you but does no damage.
A jelly is nearby!
You hit the jelly. The acid corrodes you!
Your tentacles burn!
The jelly is heavily wounded.
The jelly hits you.
* * * LOW HITPOINT WARNING * * *
The acid corrodes you!
You are splashed with acid!
You die...
Xom roars with laughter!

## #.# ##.
..#####.##..
#..........#
#..........#
#...=......#
#..........####
..........$..>#
#.....J@..###.###
...####+#........ #
#.###.### #.#.# #.
#.#.# #.# ####
#####.#†###.# ....
..........#.###
##.#..
#####..........
#....#
.######.###..####..#


You could see a jelly (fast).

Vanquished Creatures
  A ball python (D:1)
  A kobold (D:1)
  A quokka (D:1)
  2 rats (D:1)
5 creatures vanquished.

Notes
Turn   | Place    | Note
-------+----------+-------------------------------------------
     0 | D:1      | Xavori the Octopode Chaos Knight began the quest for the
                  | Orb.
     0 | D:1      | Reached XP level 1. HP: 16/16 MP: 1/1
   206 | D:1      | a ball python changed into a jelly
   206 | D:1      | Noticed a jelly
   208 | D:1      | Splashed by a jelly's acid

Illustrated notes

Levels and vault maps discovered:
D:1:      sevenhm_arrival_forest_fort_small_3, layout_basic

Action                     || total
---------------------------++-------
  Melee: Short sword       ||    11
         Constrict         ||     2
         Punch             ||     2
         Tentacles         ||     1
   Stab: Sleeping          ||     1
 Armour: Skin              ||     3
  Dodge: Dodged            ||     4

Table legend: (Time is in decaauts)
 A = Elapsed time spent in this place.
 B = Non-inter-level travel time spent in this place.
 C = Inter-level travel time spent in this place.
 D = Time resting spent in this place.
 E = Time spent auto-exploring this place.
 F = Levels seen in this place.
 G = Mean time per level.
                   A        B        C        D        E       F      G
               +--------+--------+--------+--------+--------+-----+--------+
         Total |    206 |    206 |      0 |      0 |    161 |   1 |  206.0 |
       Dungeon |    206 |    206 |      0 |      0 |    161 |   1 |  206.0 |
               +--------+--------+--------+--------+--------+-----+--------+

Top non-repeatable levels by time:
     D:1: 206 daAuts
